 Dungeon Crawl Stone Soup version 0.27-a0-91-g4f573a835d (webtiles) character file.

Game seed: 9206314644799261363

591 Gildeon the Chopper (level 7, -2/61 HPs)
             Began as a Minotaur Fighter on Jan 15, 2021.
             Was a Believer of Zin.
             Slain by an orc warrior
             ... wielding a +0 halberd
              (13 damage)
             ... on level 6 of the Dungeon.
             The game lasted 00:12:17 (4259 turns).

Gildeon the Chopper (Minotaur Fighter)              Turns: 4259, Time: 00:12:18

Health: -2/61      AC: 15    Str: 23    XL:     7   Next: 16%
Magic:  6/6        EV: 10    Int:  5    God:    Zin [**....]
Gold:   228        SH: 10    Dex:  9    Spells: 6/6 levels left

rFire    . . .     SeeInvis .   a - +1 war axe
rCold    . . .     Faith    .   c - +0 kite shield
rNeg     . . .     Spirit   .   f - +0 plate armour
rPois    .         Reflect  .   (helmet restricted)
rElec    .         Harm     .   u - +0 cloak
rCorr    .         Rampage  .   (no gloves)
Will     +....                  o - +1 pair of boots
Stlth    ..........             (no amulet)
HPRegen  0.20/turn              m - +4 ring of evasion
MPRegen  0.10/turn              g - ring of willpower

@: no status effects
A: retaliatory headbutt, horns 2
a: Renounce Religion, Recite, Vitalisation, Donate Gold


You were on level 6 of the Dungeon.
You worshipped Zin.
Zin was pleased with you.
You visited 2 branches of the dungeon, and saw 7 of its levels.

You collected 253 gold pieces.
You donated 25 gold pieces to Zin.

Inventory:

Hand Weapons
 a - a +1 war axe (weapon)
 v - a +1 hand axe of flaming
Armour
 c - a +0 kite shield (worn)
 f - a +0 plate armour (worn)
 o - a +1 pair of boots (worn)
 u - a +0 cloak (worn)
Jewellery
 g - a ring of willpower (right hand)
 k - an uncursed ring of flight
 m - a +4 ring of evasion (left hand)
 n - an uncursed ring of fire
 y - an uncursed ring of resist corrosion
Wands
 l - a wand of flame (9)
Scrolls
 h - 5 scrolls of remove curse
 i - 3 scrolls of teleportation
 p - a scroll of fog {unknown}
 q - a scroll of fear {unknown}
 s - a scroll of identify
 t - a scroll of blinking
 z - a scroll of random uselessness {unknown}
 B - a scroll of amnesia {unknown}
Potions
 b - 2 potions of mutation
 d - 3 potions of might
 e - a potion of curing {unknown}
 j - a potion of resistance
 r - a potion of berserk rage
 x - 2 potions of heal wounds
 A - a potion of flight


   Skills:
 - Level 5.0 Fighting
 * Level 6.0 Axes
 - Level 5.0 Armour
 + Level 3.2 Dodging
 + Level 5.3 Shields


You had 6 spell levels left.
You didn't know any spells.
Your spell library was empty.

Dungeon Overview and Level Annotations

Branches:
Dungeon (6/15)             Temple (1/1) D:5

Altars:
Cheibriados
Dithmenos
Elyvilon
Fedhas
Gozag
Hepliaklqana
Kikubaaqudgha
Makhleb
Nemelex Xobeh
Okawaru
Ru
Vehumet
Xom
Zin
The Shining One


Innate Abilities, Weirdness & Mutations

You reflexively headbutt those who attack you in melee.
You have a pair of horns on your head.


Message History

You kill the orc!
The orc warrior hits you but does no damage.
You hit the orc.
The orc is heavily wounded.
The orc hits you with a +4 short sword of holy wrath.
The orc warrior hits you from afar with a +0 halberd!
You block the orc's attack.
You closely miss the orc. Your headbutt misses the orc.
The orc is heavily wounded.
The orc warrior hits you from afar with a +0 halberd.
The orc hits you with a +4 short sword of holy wrath.
You closely miss the orc.
The orc is heavily wounded.
The orc warrior hits you from afar with a +0 halberd!
* * * LOW HITPOINT WARNING * * *
The orc hits you but does no damage.
You hit the orc.
You kill the orc!
The orc warrior hits you from afar with a +0 halberd!
You die...

#. #......# #<#
##.##......# #.#
...........# #.#
##..[......# #.#
#..♣♣......#######.#
#..♣...#...........#
#.....#.#.#########
#...#.###.........
#+#@..# ##########
#...)##.# #...o #.#
#.... #.# #.... ..#
#..>. ## #.... #....


You could see an orc warrior.

Vanquished Creatures
  A phantom (D:5)
  3 wights (D:3)
  2 hounds
  An orc wizard (D:3)
  An iguana (D:5)
  3 worker ants
  A hound skeleton (D:5)
  7 adders
  2 oozes (D:2)
  6 worms
  3 dart slugs
  3 leopard geckos
  9 orcs
  6 bats
  7 giant cockroaches
  7 goblins
  4 hobgoblins
  8 jackals
  9 kobolds
  A quokka (D:5)
  2 frilled lizards
  A giant cockroach zombie (D:5)
  A quokka zombie (D:5)
  7 rats
95 creatures vanquished.

Vanquished Creatures (others)
  50 plants (D:2)
50 creatures vanquished.

Grand Total: 145 creatures vanquished

Notes
Turn   | Place    | Note
-------+----------+-------------------------------------------
     0 | D:1      | Gildeon the Minotaur Fighter began the quest for the Orb.
     0 | D:1      | Reached XP level 1. HP: 19/19 MP: 0/0
    86 | D:1      | Reached XP level 2. HP: 26/27 MP: 1/1
   396 | D:1      | Reached skill level 3 in Axes
   807 | D:2      | Reached XP level 3. HP: 27/33 MP: 2/2
   808 | D:2      | Reached skill level 1 in Dodging
  1179 | D:2      | Reached XP level 4. HP: 36/40 MP: 3/3
  1712 | D:3      | Reached skill level 4 in Axes
  1712 | D:3      | Reached XP level 5. HP: 45/47 MP: 4/4
  1904 | D:3      | Found a faded altar of an unknown god.
  2227 | D:3      | Reached XP level 6. HP: 53/53 MP: 5/5
  2784 | D:4      | Reached skill level 5 in Axes
  2831 | D:4      | Noticed an angel
  2832 | D:4      | Found a glowing silver altar of Zin.
  2851 | D:4      | Found a shimmering altar of Xom.
  2854 | D:4      | Became a worshipper of Zin the Law-Giver
  2854 | D:4      | Reached * piety under Zin
  3383 | D:5      | Entered Level 5 of the Dungeon
  3460 | D:5      | Reached skill level 5 in Fighting
  3460 | D:5      | Reached skill level 5 in Shields
  3648 | D:5      | Reached skill level 5 in Armour
  3667 | D:5      | Reached ** piety under Zin
  3705 | D:5      | Found a blossoming altar of Fedhas.
  3823 | D:5      | Reached XP level 7. HP: 61/61 MP: 6/6
  4105 | D:5      | Found a staircase to the Ecumenical Temple.
  4114 | Temple   | Entered the Ecumenical Temple
  4255 | D:6      | Reached skill level 6 in Axes
  4259 | D:6      | Slain by an orc warrior

Illustrated notes

Levels and vault maps discovered:
D:1:      dpeg_arrival_boxorama, layout_loops_ring, serial_bayou_lake_a
D:2:      layout_rooms, serial_bayou, serial_bayou_pond_e, serial_bayou_shore_b,
          serial_bayou_lagoon_a, serial_bayou_shore_b
D:3:      layout_basic, chequers_ecumenical_altar_grove
D:4:      layout_basic, grunt_temple_overflow_order_and_chaos_1
D:5:      layout_loops_ring, nicolae_overflow_hidden_temple,
          minmay_temple_entry_poolview, fedhas_altar_1
D:6:      layout_basic, gammafunk_temple_overflow_elements,
          grunt_temple_overflow_open, minmay_hedge_maze, nrook_mini_vaults,
          serial_park_tiny_1, serial_bayou_pond_b, uniq_eustachio, uniq_grinder
Temple:   nicolae_temple_god_jail

Skill      XL: |  1  2  3  4  5  6  7 |
---------------+----------------------+-----
Axes           | 3 4 5 6 |  6.0
Fighting       | 4 5 |  5.0
Armour         | 4 5 |  5.0
Dodging        | 1 2 3 |  3.2
Shields        | 4 5 |  5.3

Action                   |  1- 3 |  4- 6 |  7- 9 || total
-------------------------+-------+-------+-------++-------
Melee: War axe           |    89 |   173 |    19 ||   281
       Headbutt          |     8 |    19 |     2 ||    29
  Use: Scroll            |       |    11 |     1 ||    12
Armor: Scale mail        |    25 |       |       ||    25
       Chain mail        |    28 |       |       ||    28
       Plate armour      |    23 |    86 |    12 ||   121
Dodge: Dodged            |     9 |    38 |     5 ||    52
Block: Kite shield       |    49 |    86 |    12 ||   147

Table legend: (Time is in decaauts)
 A = Elapsed time spent in this place.
 B = Non-inter-level travel time spent in this place.
 C = Inter-level travel time spent in this place.
 D = Time resting spent in this place.
 E = Time spent auto-exploring this place.
 F = Levels seen in this place.
 G = Mean time per level.
                   A        B        C        D        E       F      G
               +--------+--------+--------+--------+--------+-----+--------+
         Total |   4418 |   4261 |    157 |    193 |   3142 |   7 |  631.1 |
       Dungeon |   4370 |   4226 |    144 |    193 |   3108 |   6 |  728.3 |
        Temple |     47 |     34 |     13 |      0 |     34 |   1 |   47.0 |
               +--------+--------+--------+--------+--------+-----+--------+

Top non-repeatable levels by time:
     D:3: 1021 daAuts
     D:1: 873 daAuts
     D:4: 840 daAuts
     D:5: 799 daAuts
     D:2: 791 daAuts
  Temple: 47 daAuts
     D:6: 43 daAuts
